 Dungeon Crawl Stone Soup version 0.21.0-3-g78d12a8 (webtiles) character file.

17897 mortelune the Destroyer (level 12, -7/102 HPs)
             Began as a Black Draconian Fire Elementalist on Jan 18, 2018.
             Was a Priest of Vehumet.
             Mangled by a wraith (9 damage)
             ... led by Josephine
             ... on level 11 of the Dungeon.
             The game lasted 00:52:11 (20225 turns).

mortelune the Destroyer (DrFE)                     Turns: 20225, Time: 00:52:12

Health: -7/102     AC: 10    Str: 11    XL:     12   Next: 22%
Magic:  11/25      EV: 16    Int: 20    God:    Vehumet [***...]
Gold:   197        SH:  0    Dex: 12    Spells: 10/29 levels left

rFire    . . .     SeeInvis +   k - +2 morningstar (holy)
rCold    . . .     Gourm    .   (no shield)
rNeg     . . .     Faith    .   (armour unavailable)
rPois    .         Spirit   .   (helmet restricted)
rElec    +         Reflect  .   (no cloak)
rCorr    .         Harm     .   C - +0 pair of gloves
MR       .....                  p - +0 pair of boots
Stlth    ++........             (no amulet)
HPRegen  0.27/turn              n - +2 ring of evasion
MPRegen  0.19/turn              m - ring of see invisible

@: lethally poisoned (-7 -> -26), slowed, very slow
A: breathe lightning, unfitting armour, electricity resistance, cold-blooded, AC
+8
a: Breathe Lightning, Renounce Religion


You were on level 11 of the Dungeon.
You worshipped Vehumet.
Vehumet was most pleased with you.
You were near starving.

You visited 2 branches of the dungeon, and saw 12 of its levels.

You collected 534 gold pieces.
You spent 337 gold pieces at shops.

Inventory:

Hand Weapons
 k - a +2 morningstar of holy wrath (weapon)
 q - the +8 falchion of Massacring {protect, rC- Str+4 Dex+3}
   (You found it on level 9 of the Dungeon)

   It protects the one who uses it against injury (+AC on strike).
   It affects your strength (+4).
   It affects your dexterity (+3).
   It makes you vulnerable to cold.
 z - a +3 spear of flaming
Armour
 p - a +0 pair of boots (worn)
 C - a +0 pair of gloves (worn)
Magical Staves
 s - an uncursed staff of air
 E - an uncursed staff of fire
Jewellery
 m - a ring of see invisible (right hand)
 n - a +2 ring of evasion (left hand)
Wands
 r - a wand of iceblast (13)
 x - a wand of flame (25)
 G - a wand of digging (29)
 M - a wand of enslavement (9)
Scrolls
 d - a scroll of noise
 e - a scroll of random uselessness
 f - 2 scrolls of remove curse
 g - 3 scrolls of amnesia
 j - a scroll of enchant weapon
 v - a scroll of enchant armour
 y - a scroll of teleportation {unknown}
 D - a scroll of magic mapping
 F - 3 scrolls of identify
 H - a scroll of fear
 J - 2 scrolls of immolation
Potions
 c - 6 potions of curing
 h - a potion of lignification
 i - a potion of heal wounds
 l - 2 potions of berserk rage
 o - 2 potions of might
 t - 2 potions of invisibility
 u - 3 potions of ambrosia
 A - a potion of resistance
 I - a potion of haste
 L - a potion of degeneration {unknown}
Books
 a - a book of Flames

   Spells                             Type                      Level
   a - Flame Tongue                   Conjuration/Fire             1
   b - Throw Flame                    Conjuration/Fire             2
   c - Conjure Flame                  Conjuration/Fire             3
   d - Inner Flame                    Hexes/Fire                   3
   e - Sticky Flame                   Conjuration/Fire             4
   f - Fireball                       Conjuration/Fire             5
 w - a book of Changes

   Spells                             Type                      Level
   a - Beastly Appendage              Transmutation                1
   b - Sticks to Snakes               Transmutation                2
   c - Spider Form                    Transmutation/Poison         3
   d - Ice Form                       Ice/Transmutation            4
   e - Blade Hands                    Transmutation                5
 B - a Young Poisoner's Handbook

   Spells                             Type                      Level
   a - Sting                          Conjuration/Poison           1
   b - Poisonous Vapours              Poison/Air                   2
   c - Mephitic Cloud                 Conjuration/Poison/Air       3
   d - Olgreb's Toxic Radiance        Poison                       4
   e - Venom Bolt                     Conjuration/Poison           5
 K - the Incunabulum of Dung
   (You found it on level 9 of the Dungeon)

   Spells                             Type                      Level
   a - Blink                          Translocation                2
   b - Passwall                       Transmutation/Earth          2
   c - Lesser Beckoning               Translocation                3
   d - Yara's Violent Unravelling     Hexes/Transmutation          5
   e - Controlled Blink               Translocation                8
Comestibles
 b - 14 rations


   Skills:
 + Level 8.3 Fighting
 + Level 5.0 Dodging
 - Level 1.7 Stealth
 + Level 9.3 Spellcasting
 + Level 11.5 Conjurations
 + Level 10.3 Fire Magic


You had 10 spell levels left.
You knew the following spells:

 Your Spells              Type           Power        Failure   Level  Hunger
a - Flame Tongue          Conj/Fire      #####        1%          1    None
b - Throw Flame           Conj/Fire      ######       1%          2    None
c - Conjure Flame         Conj/Fire      ######..     1%          3    None
d - Sticky Flame          Conj/Fire      ######..     1%          4    ###....
e - Fireball              Conj/Fire      ######....   1%          5    #####..
f - Throw Frost           Conj/Ice       ####..       1%          2    None
g - Blink                 Tloc           N/A          11%         2    None


Dungeon Overview and Level Annotations

Branches:
Dungeon (11/15)            Temple (1/1) D:6            Lair (0/6) D:10
    Orc (0/2) D:10

Altars:
Ashenzari
Dithmenos
Elyvilon
Fedhas
Gozag
Hepliaklqana
Kikubaaqudgha
Qazlal
Ru
Sif Muna
Uskayaw
Vehumet
Wu Jian
Xom
Yredelemnul

Shops:
D:8 *!*?%   D:9 }

Annotations:
D:9 p0werm0de's ghost, novice DDFi


Innate Abilities, Weirdness & Mutations

You can breathe wild blasts of lightning.
Your glossy black scales are hard. (AC +8)
You cannot fit into any form of body armour.
You are resistant to electric shocks. (rElec)
You are cold-blooded and may be slowed by cold attacks.


Message History

The wraith is severely damaged.
The wraith closely misses you.
The green ugly thing closely misses you.
The wraith barely misses you.
The phantom blinks!
The green ugly thing headbutts you!
You are poisoned.
The green ugly thing poisons you!
You completely miss the wraith.
The wraith is severely damaged.
You feel very sick. The wraith closely misses you.
The green ugly thing closely misses you.
The wraith hits you!
* * * LOW HITPOINT WARNING * * *
The wraith drains your vigour!
You feel as though you will be slow longer.
The green ugly thing headbutts you!
* * * LOW HITPOINT WARNING * * *
The wraith hits you!
You die...

,,,≈≈≈≈≈≈≈≈≈≈,#$.#*,**,,,,,*,*
*,,*≈≈≈≈≈≈≈≈≈.*..#*,**,,,,,*,*
,,,,,≈≈≈≈≈≈≈≈.*..#*,**,,∩,,*,* *
,8,**#≈≈§..≈#.*...,,*,,,,,,*,* **
*,,**#o≈K.....##.##**,,,,,,*,***≈
*,,,,S§§≈..<,,,.W.,,,,,,,,,,,,,≈≈
*,***#W†≈≈####*#W#,*******,****≈≈
,,,,,#≈†≈≈....,#u#,* *,,* *,≈
****,#<≈≈≈#***,#@#,* **,* *,*
*,##.≈## *,#W#,****** *,***,*
*,**.##****,#.#,,,,,,* *,,**,*
*,**..,,,,,,#.#*****,* **,**,*
*,**.########.######.****,,*,*
*,**.........(.......,,,,,,≈≈,
*,**.########.######.*****≈≈≈≈
*,**.#****#.#.# *,,,*,,,≈≈≈≈≈
*,,,,,,,,,..#.# *,*,*,,,*≈≈≈≈


You could see a green ugly thing, a phantom and 2 wraiths.

Vanquished Creatures
  Erolcha (D:11)
  2 two-headed ogres
  6 death yaks (D:10)
  The ghost of p0werm0de the Cleaver, a novice DDFi of Jiyva (D:8)
  Pikel (D:4)
  A cyclops (D:11)
  An ugly thing (D:10)
  A manticore (D:9)
  A komodo dragon (D:9)
  2 trolls
  A hornet (D:8)
  The ghost of cirnu the Slasher, an amateur DsAK of Lugonu (D:4)
  Grinder (D:5)
  Prince Ribbit (D:8)
  11 yaks
  A wraith (D:11)
  Grum (D:8)
  Menkaure (D:7)
  A warg (D:10)
  Edmund (D:3)
  A water moccasin (D:11)
  2 orc warriors
  A phantom (D:9)
  2 sky beasts
  A slave (D:3)
  An ice beast (D:9)
  3 wolves (D:8)
  A necrophage (D:11)
  5 ogres
  A centaur (D:7)
  A crocodile (D:9)
  A big kobold (D:11)
  8 bullfrogs
  A gnoll sergeant (D:5)
  5 scorpions
  A water moccasin skeleton (D:6)
  19 killer bees
  6 howler monkeys
  8 crimson imps
  A quasit (D:10)
  A centaur zombie (D:5)
  8 hounds
  A jelly (D:6)
  A bullfrog zombie (D:7)
  8 orc priests
  3 centaur skeletons
  18 orc wizards
  A gnoll shaman (D:8)
  3 iguanas
  9 worker ants
  A killer bee zombie (D:9)
  3 worker ant zombies
  12 gnolls
  15 adders
  5 shadow imps
  An ooze (D:4)
  A worm (D:3)
  3 dart slugs
  3 leopard geckos
  46 orcs
  9 bats
  5 giant cockroaches
  2 goblins
  6 hobgoblins
  17 jackals
  7 kobolds
  3 quokkas
  A ball python (D:4)
  6 frilled lizards
  A jackal skeleton (D:8)
  7 rats
313 creatures vanquished.

Vanquished Creatures (others)
  5 dream sheep (D:5)
  A worker ant (D:4)
6 creatures vanquished.

Grand Total: 319 creatures vanquished

Notes
Turn   | Place    | Note
-------+----------+-------------------------------------------
     0 | D:1      | mortelune the Draconian Fire Elementalist began the quest for the Orb.
     0 | D:1      | Reached XP level 1. HP: 14/14 MP: 3/3
   573 | D:1      | Reached XP level 2. HP: 20/20 MP: 0/5
   577 | D:1      | Learned a level 2 spell: Throw Flame
  1455 | D:2      | Reached skill level 2 in Conjurations
  2028 | D:2      | Reached XP level 3. HP: 26/26 MP: 0/6
  2239 | D:2      | Learned a level 3 spell: Conjure Flame
  2920 | D:3      | Reached XP level 4. HP: 33/33 MP: 4/7
  3003 | D:3      | Reached skill level 3 in Conjurations
  3239 | D:3      | Reached XP level 5. HP: 25/38 MP: 1/9
  4121 | D:3      | Reached skill level 4 in Conjurations
  4379 | D:4      | Noticed an ogre
  4769 | D:4      | Noticed a slave
  4770 | D:4      | Noticed cirnu's ghost (amateur DsAK)
  4772 | D:4      | Noticed Pikel
  4772 | D:4      | Noticed a slave
  4775 | D:4      | Noticed a slave
  4776 | D:4      | Reached XP level 6. HP: 29/45 MP: 1/10
  4791 | D:3      | Killed a slave
  4939 | D:4      | Learned a level 4 spell: Sticky Flame
  4992 | D:4      | Noticed Edmund
  5044 | D:3      | Killed Edmund
  5296 | D:4      | Reached skill level 5 in Conjurations
  5602 | D:4      | Your scales start taking on a glossy black colour.
  5602 | D:4      | Reached XP level 7. HP: 50/50 MP: 4/12
  5602 | D:4      | Gained mutation: You are resistant to electric shocks. (rElec) [Black Draconian growth]
  5772 | D:4      | Killed Pikel
  5772 | D:4      | Reached skill level 6 in Conjurations
  5772 | D:4      | Reached skill level 5 in Fire Magic
  5772 | D:4      | Reached XP level 8. HP: 37/57 MP: 2/14
  6242 | D:4      | Killed cirnu's ghost
  6242 | D:4      | Reached skill level 7 in Conjurations
  6565 | D:5      | Entered Level 5 of the Dungeon
  6656 | D:5      | Reached skill level 5 in Spellcasting
  7080 | D:5      | Learned a level 5 spell: Fireball
  7583 | D:5      | Reached skill level 8 in Conjurations
  8019 | D:5      | Noticed Grinder
  8035 | D:5      | Paralysed by Grinder for 5 turns
  8037 | D:5      | Killed Grinder
  8236 | D:5      | Reached XP level 9. HP: 57/62 MP: 10/17
  8312 | D:5      | Found a shimmering altar of Xom.
  8712 | D:6      | Found a staircase to the Ecumenical Temple.
  8791 | Temple   | Entered the Ecumenical Temple
  8796 | Temple   | Became a worshipper of Vehumet
  9737 | D:6      | Reached skill level 9 in Conjurations
 10291 | D:7      | Reached skill level 1 in Fighting
 11021 | D:7      | Reached * piety under Vehumet
 11021 | D:7      | Offered knowledge of Sandblast by Vehumet.
 11506 | D:7      | Noticed Menkaure
 11509 | D:7      | Killed Menkaure
 12128 | D:8      | Found Riemusytuli's Assorted Antiques.
 12128 | D:8      | Found Gan Geso's General Store.
 12136 | D:8      | Noticed a troll
 12460 | D:7      | Killed a troll
 12610 | D:8      | Bought 2 potions of curing for 78 gold pieces
 12610 | D:8      | Bought a scroll of magic mapping for 45 gold pieces
 12665 | D:8      | Found Sur Inn's Food Emporium.
 12669 | D:8      | Reached XP level 10. HP: 77/77 MP: 4/20
 12929 | D:8      | Noticed Grum
 12934 | D:8      | Killed Grum
 12938 | D:8      | Noticed Prince Ribbit
 12944 | D:8      | Killed Prince Ribbit
 13130 | D:8      | Found Ylis's Distillery.
 13133 | D:8      | Bought a potion of curing for 30 gold pieces
 13133 | D:8      | Bought a potion of haste for 100 gold pieces
 13227 | D:8      | Offered knowledge of Throw Frost by Vehumet.
 13231 | D:8      | Learned a level 2 spell: Throw Frost
 13236 | D:8      | Noticed a two-headed ogre
 13239 | D:8      | Killed a two-headed ogre
 13239 | D:8      | Reached skill level 10 in Conjurations
 13392 | D:8      | Found Giczubips's Magic Scroll Emporium.
 13397 | D:8      | Bought a scroll of immolation for 42 gold pieces
 13397 | D:8      | Bought a scroll of fear for 42 gold pieces
 13545 | D:8      | Noticed p0werm0de's ghost (novice DDFi)
 13554 | D:8      | Killed p0werm0de's ghost
 13554 | D:8      | Reached skill level 5 in Fighting
 14088 | D:9      | Reached ** piety under Vehumet
 14756 | D:9      | Noticed p0werm0de's ghost (novice DDFi)
 14977 | D:9      | Identified the Incunabulum of Dung
 14982 | D:9      | Learned a level 2 spell: Blink
 15041 | D:9      | Found Hiwidas's Gadget Shop.
 15218 | D:9      | Noticed a manticore
 15233 | D:9      | Noticed a two-headed ogre
 15606 | D:8      | Reached XP level 11. HP: 40/89 MP: 0/23
 16662 | D:9      | Got a translucent falchion
 16663 | D:9      | Identified the +8 falchion of Massacring {protect, rC- Str+4 Dex+3} (You found it on level 9 of the Dungeon)
 16749 | D:10     | Entered Level 10 of the Dungeon
 16757 | D:10     | Noticed a two-headed ogre
 16764 | D:10     | Killed a two-headed ogre
 17057 | D:10     | Offered knowledge of Searing Ray by Vehumet.
 17627 | D:10     | Reached *** piety under Vehumet
 17654 | D:10     | Found a staircase to the Orcish Mines.
 17960 | D:10     | Reached skill level 11 in Conjurations
 18219 | D:10     | Found a staircase to the Lair.
 18219 | D:10     | Noticed a death yak
 18220 | D:10     | Noticed a death yak
 18221 | D:10     | Noticed a death yak
 18222 | D:10     | Noticed a death yak
 18237 | D:10     | Killed a death yak
 18241 | D:10     | Noticed a death yak
 18243 | D:10     | Noticed a death yak
 18244 | D:10     | Killed a death yak
 19041 | D:10     | Offered knowledge of Dazzling Spray by Vehumet.
 19168 | D:10     | Killed a death yak
 19174 | D:10     | Killed a death yak
 19174 | D:10     | Reached skill level 10 in Fire Magic
 19179 | D:10     | Killed a death yak
 19184 | D:10     | Killed a death yak
 19184 | D:10     | Reached XP level 12. HP: 42/101 MP: 9/25
 19606 | D:11     | Noticed an eight-headed hydra
 20024 | D:11     | Noticed Erolcha
 20031 | D:11     | Killed Erolcha
 20205 | D:11     | Reached skill level 5 in Dodging
 20225 | D:11     | HP: 2/102 [green ugly thing (16)]
 20225 | D:11     | Mangled by a wraith

Skill      XL: |  1  2  3  4  5  6  7  8  9 10 11 12 |
---------------+-------------------------------------+-----
Conjurations   | 2 3 4 5 6 8 9 10 11 | 11.5
Spellcasting   | 3 4 5 6 8 9 |  9.3
Fire Magic     | 4 5 6 7 9 10 | 10.3
Fighting       | 3 6 7 8 |  8.3
Dodging        | 2 4 5 |  5.0
Stealth        | |  1.7

Action                   |  1- 3 |  4- 6 |  7- 9 | 10-12 || total
-------------------------+-------+-------+-------+-------++-------
Melee: Short sword       |    15 |       |       |       ||    15
       Spear             |     9 |     8 |     3 |       ||    20
       Morningstar       |       |    12 |    79 |    38 ||   129
       Tailslap          |       |     2 |     5 |    13 ||    20
       Falchion          |       |       |       |    19 ||    19
 Cast: Flame Tongue      |    65 |    83 |   144 |   180 ||   472
       Throw Flame       |    13 |    40 |    72 |   116 ||   241
       Sticky Flame      |       |     1 |    21 |    43 ||    65
       Conjure Flame     |       |       |     2 |     3 ||     5
       Fireball          |       |       |     7 |    34 ||    41
       Throw Frost       |       |       |       |     5 ||     5
       Blink             |       |       |       |     4 ||     4
 Abil: Breathe Lightning |       |       |       |     2 ||     2
  Use: Scroll            |     7 |       |     9 |     2 ||    18
       Potion            |       |       |       |     5 ||     5
  Eat: Chunk             |     8 |     7 |    20 |    15 ||    50
       Ration            |       |     1 |     2 |     6 ||     9
Armor: Skin              |    22 |    18 |    42 |    69 ||   151
Dodge: Dodged            |    48 |    45 |   105 |   207 ||   405
       Rpst.: Falchion   |       |       |       |    24 ||    24
